 Dungeon Crawl Stone Soup version 0.27-a0-1181-g5f64966fcc (webtiles) character file.

Game seed: 13809920983731759570

113124 freelancePsychic the Nimble (level 16, -4/129 HPs)
             Began as a Gnoll Wanderer on May 17, 2021.
             Was a High Priest of Cheibriados.
             Slain by a thrashing horror (10 damage)
             ... on level 3 of the Abyss on May 18, 2021.
             The game lasted 01:58:45 (29015 turns).

freelancePsychic the Nimble (Gnoll Wanderer)       Turns: 29015, Time: 01:58:46

Health: -4/129     AC: 21    Str: 21      XL:     16   Next: 62%
Magic:  4/30       EV: 20    Int: 27 (30) God:    Cheibriados [*****.]
Gold:   968        SH:  0    Dex: 32      Spells: 17/36 levels left

rFire    + . .     SeeInvis +   a - +6 demon trident (flame)
rCold    . . .     Faith    +   (no shield)
rNeg     . . .     Spirit   .   P - +7 chain mail of Entitlement {rF+ Regen+ Str-3}
rPois    .         Reflect  .   c - +0 helmet {SInv}
rElec    .         Harm     .   t - +0 cloak
rCorr    .         Rampage  .   x - +2 pair of gloves
Will     ++...                  (no boots)
Stlth    +++.......             G - amulet of faith
HPRegen  1.31/turn              N - ring of willpower
MPRegen  0.22/turn              r - +6 ring of dexterity

@: studying Fighting, very slow
A: fangs 1, strong nose, distributed training, agile 1, deformed body
a: Renounce Religion, Bend Time, Temporal Distortion, Slouch, Step From Time


You were on level 3 of the Abyss.
You worshipped Cheibriados.
Cheibriados was extremely pleased with you.
You visited 4 branches of the dungeon, and saw 23 of its levels.
You visited the Abyss 2 times.
You also visited: Sewer.

You collected 1742 gold pieces.
You spent 774 gold pieces at shops.

Inventory:

Hand Weapons
 a - a +6 demon trident of flaming (weapon)
 b - a +1 fustibalus of freezing
 j - a +0 antimagic whip
 k - a +4 scimitar of flaming
 B - a +0 shortbow
Missiles
 e - 6 curare-tipped darts (quivered)
 z - 77 sling bullets
 D - 358 stones
 F - 11 atropa-tipped darts
 K - 303 arrows
Armour
 c - a +0 helmet of see invisible (worn)
 q - a scarf of repulsion
 t - a +0 cloak (worn)
 x - a +2 pair of gloves (worn)
 P - the +7 chain mail of Entitlement (worn) {rF+ Regen+ Str-3}
   (You found it on level 10 of the Dungeon)

   It affects your strength (-3).
   It protects you from fire.
   It increases your rate of health regeneration.
Magical Staves
 v - a staff of earth
 A - a staff of cold
Jewellery
 p - a ring of resist corrosion
 r - a +6 ring of dexterity (right hand)
 G - an amulet of faith (around neck)
 L - a ring of willpower
 M - a +6 ring of strength
 N - a ring of willpower (left hand)
Wands
 E - a wand of acid (24)
 H - a wand of flame (40)
 I - a wand of iceblast (40)
 O - a wand of polymorph (6)
Scrolls
 l - 2 scrolls of immolation
 w - 2 scrolls of magic mapping
 y - a scroll of amnesia
 C - 2 scrolls of teleportation {@r4}
 R - 4 scrolls of enchant armour
 S - a scroll of holy word
 T - a scroll of silence {unknown}
Potions
 d - a potion of might
 f - 3 potions of lignification
 h - a potion of invisibility {unknown}
 i - a potion of flight {unknown}
 n - a potion of experience {unknown}
 u - 2 potions of magic
 J - a potion of attraction {unknown}
 Q - 2 potions of resistance


   Skills:
 + Level 12.8 Fighting
 + Level 10.9 Short Blades
 + Level 11.2 Long Blades
 + Level 10.9 Axes
 + Level 10.9 Maces & Flails
 + Level 10.9 Polearms
 + Level 10.9 Staves
 + Level 10.9 Slings
 + Level 10.9 Bows
 + Level 10.9 Crossbows
 + Level 11.2 Throwing
 + Level 10.9 Armour
 + Level 13.4 Dodging
 + Level 11.2 Stealth
 + Level 11.2 Shields
 + Level 10.9 Unarmed Combat
 + Level 10.9 Spellcasting
 + Level 9.3 Conjurations
 + Level 9.3 Hexes
 + Level 9.3 Summonings
 + Level 9.3 Necromancy
 + Level 9.3 Translocations
 + Level 9.3 Transmutations
 + Level 9.3 Fire Magic
 + Level 9.3 Ice Magic
 + Level 9.3 Air Magic
 + Level 9.3 Earth Magic
 + Level 9.3 Poison Magic
 + Level 11.8 Invocations
 + Level 10.9 Evocations


You had 17 spell levels left.
You knew the following spells:

 Your Spells              Type           Power      Damage    Failure   Level
a - Frozen Ramparts       Ice            100%       1d12      1%          3
b - Ensorcelled Hibernat  Hex/Ice        100%       N/A       1%          2
c - Animate Armour        Summ/Erth      100%       N/A       5%          4
d - Borgnjor's Vile Clut  Necr/Erth      30%        N/A       14%         5
e - Yara's Violent Unrav  Hex/Tmut       30%        3d13      14%         5

Your spell library contained the following spells:

 Spells                   Type           Power      Damage    Failure   Level
 Freeze                   Ice            100%       1d11      1%          1
 Confusing Touch          Hex            60%        N/A       1%          3
 Gell's Gravitas          Tloc           30%        N/A       1%          3
 Ozocubu's Armour         Ice            60%        N/A       1%          3
 Hailstorm                Conj/Ice       60%        3d13      5%          4
 Petrify                  Tmut/Erth      60%        N/A       5%          4
 Metabolic Englaciation   Hex/Ice        30%        N/A       14%         5
 Silence                  Hex/Air        30%        N/A       14%         5
 Shadow Creatures         Summ           N/A        N/A       63%         6


Dungeon Overview and Level Annotations

Branches:
Dungeon (14/15)            Temple (1/1) D:6            Lair (6/6) D:11
  Swamp (0/4) Lair:3        Snake (0/4) Lair:2        Slime (0/5) Lair:5
    Orc (2/2) D:11            Elf (0/3) Orc:2        Vaults (0/5) D:13
  Sewer (visited)

Altars:
Ashenzari
Cheibriados
Dithmenos
Elyvilon
Hepliaklqana
Kikubaaqudgha
Makhleb
Nemelex Xobeh
Okawaru
Qazlal
Ru
Sif Muna
Trog
Uskayaw
Vehumet
Wu Jian
Xom
Yredelemnul
Zin
The Shining One
Beogh
Jiyva

Shops:
D:2 (   Orc:2 :[(?

Portals:
Hell: Lair:6

Annotations:
D:9 Erolcha
D:10 2 runed translucent doors, CabbageHands's ghost, journeyman OpGl
D:11 3 runed translucent doors, Cheivey's ghost, novice DDFi
Lair:3 3 runed translucent doors, Veysay's ghost, journeyman DjWz


Innate Abilities, Weirdness & Mutations

You have very sharp teeth.
Your uncanny sense of smell can sniff out nearby items.
Your experience applies equally to all skills.
You are agile. (Dex +2)
Armour fits poorly on your strangely shaped body.


Message History

The thrashing horror barely misses you.
A thrashing horror comes into view.
The thrashing horror tramples you!
* * * LOW HITPOINT WARNING * * *
You hold your ground!
The thrashing horror tramples you but does no damage.
The thrashing horror tramples you but does no damage.
The thrashing horror closely misses you.
The thrashing horror tramples you.
* * * LOW HITPOINT WARNING * * *
You hold your ground!
The thrashing horror completely misses you.
The thrashing horror tramples you.
* * * LOW HITPOINT WARNING * * *
You hold your ground!
The thrashing horror tramples you but does no damage. x3
A starcursed mass comes into view.
The thrashing horror closely misses you.
The thrashing horror tramples you.
* * * LOW HITPOINT WARNING * * *
You hold your ground!
The thrashing horror misses you.
The thrashing horror closely misses you.
The thrashing horror tramples you.
* * * LOW HITPOINT WARNING * * *
You stumble backwards!
The thrashing horror tramples you but does no damage. x2
Found a shiny gold wand.
Okay, then.
Okay, then.
Okay, then.
The thrashing horror roars!
The thrashing horror tramples you.
* * * LOW HITPOINT WARNING * * *
You stumble backwards!
The starcursed mass touches you but does no damage.
The thrashing horror tramples you but does no damage.
The thrashing horror completely misses you.
The thrashing horror tramples you!
You die...

#...#...... #.
#..#.#X#.### ..
... #X###..####.
..#...#.#.##.##..
. ....##
#2#..#.∩#.#. ..
#..##..##..#...
#....#....#
#./.#..#XX#..#
..#.#.#.##@X..#
..#..#.####...#
.#..#.### .#..#
##.. .#.# # # .#
.# #


You could see a starcursed mass, a lorocyproca (invisible) and 3 thrashing
horrors.

Vanquished Creatures
  3 tentacled starspawn
  An orc warlord (Orc:2)
  Nessos (D:13)
  A blizzard demon (Abyss:3)
  10 hydras
  Fannar (D:10)
  2 boulder beetles
  8 two-headed ogres
  Erica (Lair:2)
  A centaur warrior (D:10)
  6 death yaks
  5 orc high priests
  13 thrashing horrors
  Sonja (Lair:2)
  A spatial maelstrom (Abyss:3)
  A wretched star (Abyss:2)
  A sixfirhy (Abyss:2)
  A flayed ghost (Abyss:3)
  A skeletal warrior (D:12)
  A glowing orange brain (Abyss:3)
  A wizard (Lair:6)
  Pikel (D:5)
  A swamp dragon (shapeshifter) (D:13)
  A lindwurm (Lair:6)
  A swamp dragon (Lair:3)
  An orb spider (shapeshifter) (Abyss:2)
  3 orc knights (Orc:2)
  4 manticores
  A shadow dragon skeleton (Abyss:3)
  4 orc sorcerers
  2 ugly things (D:12)
  An oklob plant (Lair:6)
  2 worldbinders (Abyss:2)
  A centaur zombie (D:11)
  A moth of wrath (shapeshifter) (D:13)
  7 black mambas
  25 elephants
  2 gargoyles (D:13)
  An orange demon (Abyss:3)
  4 smoke demons (Abyss:3)
  13 cane toads
  A demonic crawler (Abyss:3)
  Psyche (D:12)
  7 rime drakes
  An unseen horror (D:12)
  A rime drake (shapeshifter) (Abyss:3)
  11 komodo dragons
  An efreet (Abyss:2)
  A red devil (Lair:6)
  3 meliai (D:12)
  2 ancient zymes (Abyss:2)
  9 trolls
  3 polar bears
  A silent spectre (Abyss:3)
  A hydra zombie (Abyss:3)
  Grinder (D:4)
  8 raiju
  4 slime creatures (D:11)
  14 blink frogs
  A wraith (D:13)
  31 yaks
  3 wyverns (Lair:6)
  6 large abominations
  A ynoxinul (Abyss:2)
  7 basilisks
  4 fire bats (Abyss:3)
  A basilisk (shapeshifter) (D:13)
  4 vampire mosquitoes
  6 golden eyes (Abyss:3)
  2 chaos spawn (Abyss:3)
  3 neqoxecs
  2 spatial vortices (Abyss:3)
  4 wargs (Orc:2)
  21 water moccasins
  An acid dragon (D:10)
  A hell hound (Lair:6)
  36 orc warriors
  5 black bears
  An ice beast (D:5)
  2 sky beasts
  A meliai simulacrum (D:14)
  11 ogres
  30 wolves
  6 centaurs
  6 small abominations
  9 bullfrogs
  A gnoll sergeant (Orc:2)
  A wyvern skeleton (D:7)
  11 killer bees
  12 wights
  2 howler monkeys
  10 electric eels
  3 starcursed masses (Abyss:3)
  7 hounds
  32 orc priests
  Crazy Yiuf (D:4)
  2 jellies
  A gnoll shaman (D:7)
  3 iguanas
  22 orc wizards
  4 hell rats (Lair:5)
  A killer bee zombie (D:7)
  3 howler monkey zombies
  9 gnolls
  8 adders
  2 white imps
  4 ufetubi
  5 worms
  4 dart slugs
  75 orcs
  6 endoplasms
  6 giant cockroaches
  8 goblins
  6 hobgoblins
  10 jackals
  7 kobolds
  3 quokkas
  10 ball pythons
  A ball python skeleton (D:2)
  5 bats
  12 frilled lizards
  6 rats
  A starspawn tentacle (Abyss:2)
716 creatures vanquished.

Vanquished Creatures (collateral kills)
  A sun demon (Lair:6)
  A glowing orange brain (Abyss:3)
  2 orc knights
  A fire giant zombie (Abyss:3)
  6 elephants
  An orange demon (Lair:6)
  A hellwing (Lair:6)
  2 ice devils (Lair:6)
  2 red devils (Lair:6)
  A large abomination (Abyss:3)
  A small abomination (Abyss:3)
  A golden eye (Abyss:2)
  A neqoxec (Abyss:3)
  2 hell hounds (Lair:6)
  5 orc warriors
  An ogre (D:11)
  A wolf (Lair:6)
  2 orc priests
  An iron imp (Abyss:2)
  A hell rat (Lair:5)
  3 orc wizards
  9 orcs
  2 starspawn tentacles (Abyss:3)
48 creatures vanquished.

Vanquished Creatures (others)
  An ettin skeleton (Abyss:3)
  A white draconian simulacrum (Abyss:2)
  41 fungi
  128 plants
  9 starspawn tentacles
180 creatures vanquished.

Grand Total: 944 creatures vanquished

Notes
Turn   | Place    | Note
-------+----------+-------------------------------------------
     0 | D:1      | freelancePsychic the Gnoll Wanderer began the quest for the
                  | Orb.
     0 | D:1      | freelancePsychic set off with the following items: a +0
                  | dagger, a scroll of teleportation {@r4}, a potion of curing
                  | {@q1}, a +2 leather armour
     0 | D:1      | Reached XP level 1. HP: 20/20 MP: 1/1
   277 | D:1      | Reached XP level 2. HP: 22/26 MP: 2/2
   599 | D:1      | Reached XP level 3. HP: 26/31 MP: 3/3
  1108 | D:2      | Found a shadowy altar of Dithmenos.
  1307 | D:2      | Reached skill level 1 in Invocations
  1484 | D:2      | Reached skill level 1 in Short Blades
  1484 | D:2      | Reached skill level 1 in Axes
  1484 | D:2      | Reached skill level 1 in Maces & Flails
  1484 | D:2      | Reached skill level 1 in Polearms
  1484 | D:2      | Reached skill level 1 in Staves
  1484 | D:2      | Reached skill level 1 in Slings
  1484 | D:2      | Reached skill level 1 in Bows
  1484 | D:2      | Reached skill level 1 in Crossbows
  1484 | D:2      | Reached skill level 1 in Armour
  1484 | D:2      | Reached skill level 1 in Unarmed Combat
  1484 | D:2      | Reached skill level 1 in Spellcasting
  1484 | D:2      | Reached skill level 1 in Evocations
  1578 | D:2      | Reached XP level 4. HP: 37/38 MP: 5/5
  1582 | D:2      | Found Suit's Antique Weapon Boutique.
  2043 | D:2      | Reached skill level 1 in Conjurations
  2043 | D:2      | Reached skill level 1 in Hexes
  2043 | D:2      | Reached skill level 1 in Summonings
  2043 | D:2      | Reached skill level 1 in Necromancy
  2043 | D:2      | Reached skill level 1 in Translocations
  2043 | D:2      | Reached skill level 1 in Transmutations
  2043 | D:2      | Reached skill level 1 in Fire Magic
  2043 | D:2      | Reached skill level 1 in Ice Magic
  2043 | D:2      | Reached skill level 1 in Air Magic
  2043 | D:2      | Reached skill level 1 in Earth Magic
  2043 | D:2      | Reached skill level 1 in Poison Magic
  2900 | D:3      | Reached XP level 5. HP: 41/43 MP: 5/7
  3184 | D:4      | Noticed Grinder
  3314 | D:4      | Paralysed by Grinder for 5 turns
  3337 | D:5      | Entered Level 5 of the Dungeon
  3373 | D:5      | Found a white marble altar of Elyvilon.
  3460 | D:5      | Found a glowing drain.
  3497 | Sewer    | Entered a sewer
  3659 | Sewer    | Reached XP level 6. HP: 48/50 MP: 8/8
  4149 | D:5      | Noticed a black bear
  4293 | D:5      | Reached skill level 5 in Fighting
  4496 | D:5      | Killed a black bear
  4987 | D:6      | Reached XP level 7. HP: 36/56 MP: 10/10
  5637 | D:6      | Reached skill level 9 in Dodging
  6210 | D:6      | Reached XP level 8. HP: 63/63 MP: 12/12
  6296 | D:6      | Found a staircase to the Ecumenical Temple.
  6309 | Temple   | Entered the Ecumenical Temple
  6503 | Temple   | Became a worshipper of Cheibriados the Contemplative
  7160 | D:7      | Identified the +1 robe of Good Intentions {rElec Slay+3}
  8710 | D:4      | Paralysed by Grinder for 2 turns
  8713 | D:4      | Killed Grinder
  8714 | D:4      | Reached XP level 9. HP: 57/69 MP: 14/14
  9023 | D:4      | Found a runed translucent door.
  9024 | D:4      | Noticed Crazy Yiuf
  9031 | D:4      | Killed Crazy Yiuf
  9292 | D:5      | Noticed Pikel
  9303 | D:5      | Killed Pikel
  9304 | D:5      | Reached skill level 5 in Long Blades
  9304 | D:5      | Reached skill level 5 in Throwing
  9304 | D:5      | Reached skill level 5 in Shields
  9548 | D:8      | Noticed a troll
  9663 | D:8      | Reached skill level 5 in Stealth
  9728 | D:8      | Reached * piety under Cheibriados
  9882 | D:8      | Reached skill level 5 in Invocations
  9986 | D:8      | Killed a troll
 10344 | D:8      | Found a bloodstained altar of Trog.
 10375 | D:8      | Reached XP level 10. HP: 49/77 MP: 17/17
 10646 | D:8      | Learned a level 3 spell: Frozen Ramparts
 10649 | D:8      | Learned a level 2 spell: Ensorcelled Hibernation
 10672 | D:9      | Noticed a two-headed ogre
 10680 | D:9      | Noticed Erolcha
 10685 | D:9      | Killed a two-headed ogre
 10685 | D:9      | Cast into level 2 of the Abyss (Erolcha)
 10686 | Abyss:2  | Reached skill level 5 in Short Blades
 10686 | Abyss:2  | Reached skill level 5 in Axes
 10686 | Abyss:2  | Reached skill level 5 in Maces & Flails
 10686 | Abyss:2  | Reached skill level 5 in Polearms
 10686 | Abyss:2  | Reached skill level 5 in Staves
 10686 | Abyss:2  | Reached skill level 5 in Slings
 10686 | Abyss:2  | Reached skill level 5 in Bows
 10686 | Abyss:2  | Reached skill level 5 in Crossbows
 10686 | Abyss:2  | Reached skill level 5 in Armour
 10686 | Abyss:2  | Reached skill level 5 in Unarmed Combat
 10686 | Abyss:2  | Reached skill level 5 in Spellcasting
 10686 | Abyss:2  | Reached skill level 5 in Evocations
 10812 | Abyss:2  | Noticed a starcursed mass
 10813 | Abyss:2  | Found a shimmering altar of Xom.
 11106 | Abyss:2  | Reached skill level 10 in Dodging
 11173 | D:9      | Escaped the Abyss
 11302 | D:9      | Noticed a two-headed ogre
 11788 | D:9      | Killed a two-headed ogre
 11949 | D:10     | Entered Level 10 of the Dungeon
 12202 | D:10     | Reached ** piety under Cheibriados
 12335 | D:10     | Noticed a centaur warrior
 12348 | D:10     | Killed a centaur warrior
 12632 | D:10     | Reached XP level 11. HP: 74/84 MP: 15/19
 12740 | D:10     | Identified the +7 chain mail of Entitlement {rF+ Regen+
                  | Str-3}
 12785 | D:10     | Found a large runed translucent door.
 12788 | D:10     | Found a large runed translucent door.
 12790 | D:10     | Noticed CabbageHands's ghost (journeyman OpGl)
 13363 | D:11     | Noticed Fannar
 13436 | D:11     | Noticed a two-headed ogre
 13469 | D:11     | Killed a two-headed ogre
 13470 | D:11     | Reached skill level 5 in Conjurations
 13470 | D:11     | Reached skill level 5 in Hexes
 13470 | D:11     | Reached skill level 5 in Summonings
 13470 | D:11     | Reached skill level 5 in Necromancy
 13470 | D:11     | Reached skill level 5 in Translocations
 13470 | D:11     | Reached skill level 5 in Transmutations
 13470 | D:11     | Reached skill level 5 in Fire Magic
 13470 | D:11     | Reached skill level 5 in Ice Magic
 13470 | D:11     | Reached skill level 5 in Air Magic
 13470 | D:11     | Reached skill level 5 in Earth Magic
 13470 | D:11     | Reached skill level 5 in Poison Magic
 13506 | D:11     | Found a staircase to the Orcish Mines.
 13529 | D:11     | Noticed a centaur warrior
 13529 | D:11     | Found a runed translucent gate.
 13529 | D:11     | Found a runed translucent gate.
 13529 | D:11     | Found a runed translucent gate.
 13531 | D:11     | Noticed Cheivey's ghost (novice DDFi)
 13537 | D:11     | Noticed a minotaur
 13557 | D:11     | Noticed a boulder beetle
 13566 | D:11     | Killed a boulder beetle
 13755 | D:2      | Bought a glowing fustibalus for 432 gold pieces
 14128 | D:10     | Killed Fannar
 14362 | D:11     | Found a staircase to the Lair.
 14464 | D:11     | Reached *** piety under Cheibriados
 14939 | D:12     | Noticed a manticore
 14953 | D:12     | Killed a manticore
 15016 | Lair:1   | Entered Level 1 of the Lair of Beasts
 15456 | Lair:1   | Reached XP level 12. HP: 94/94 MP: 22/22
 15621 | Lair:1   | Noticed a seven-headed hydra
 15627 | Lair:1   | Killed a seven-headed hydra
 15718 | Lair:1   | Reached skill level 11 in Dodging
 16419 | Lair:2   | Noticed a five-headed hydra
 16427 | Lair:1   | Killed a five-headed hydra
 16572 | Lair:2   | Found a staircase to the Snake Pit.
 16645 | Lair:2   | Reached **** piety under Cheibriados
 16775 | Lair:2   | Noticed a four-headed hydra
 16787 | Lair:2   | Killed a four-headed hydra
 17282 | Lair:2   | Noticed Erica
 17283 | Lair:2   | Noticed Sonja
 17292 | Lair:2   | Killed Sonja
 17294 | Lair:2   | Killed Erica
 17683 | Lair:3   | Reached XP level 13. HP: 101/101 MP: 21/24
 17768 | Lair:3   | Found a runed translucent gate.
 17769 | Lair:3   | Found a runed translucent gate.
 17770 | Lair:3   | Found a runed translucent gate.
 17771 | Lair:3   | Found a staircase to the Swamp.
 17984 | Lair:3   | Learned a level 4 spell: Animate Armour
 18424 | Lair:3   | Noticed Veysay's ghost (journeyman DjWz)
 18966 | Lair:4   | Reached ***** piety under Cheibriados
 20186 | Lair:5   | Reached XP level 14. HP: 105/109 MP: 23/26
 20581 | Lair:5   | Reached skill level 10 in Fighting
 20581 | Lair:5   | Reached skill level 12 in Dodging
 20693 | Lair:5   | Found a viscous altar of Jiyva.
 20693 | Lair:5   | Found a staircase to the Slime Pits.
 20936 | Lair:6   | Entered Level 6 of the Lair of Beasts
 21327 | Lair:6   | Reached ****** piety under Cheibriados
 21540 | Lair:6   | Reached skill level 10 in Invocations
 22300 | Lair:6   | Learned a level 5 spell: Borgnjor's Vile Clutch
 22301 | Lair:6   | Found a burning altar of Makhleb.
 22481 | Lair:6   | Found a gateway to Hell.
 22888 | Orc:1    | Entered Level 1 of the Orcish Mines
 22897 | D:11     | Reached skill level 10 in Long Blades
 22897 | D:11     | Reached skill level 10 in Throwing
 22897 | D:11     | Reached skill level 10 in Shields
 23149 | Orc:1    | Reached skill level 10 in Stealth
 23279 | Orc:1    | Reached XP level 15. HP: 112/117 MP: 24/28
 23482 | Orc:2    | Entered Level 2 of the Orcish Mines
 23827 | Orc:2    | Found Fewnudas's Magic Scroll Boutique.
 23884 | Orc:2    | Found Okhlirimi's Antique Weapon Shop.
 24044 | Orc:2    | Noticed an orc warlord
 24049 | Orc:2    | Found Aseagaus's Armour Boutique.
 24121 | Orc:2    | Gained mutation: Your system is resistant to poisons.
                  | (rPois) [a neqoxec]
 24276 | Orc:2    | Learned a level 5 spell: Yara's Violent Unravelling
 24406 | Orc:2    | Killed an orc warlord
 24408 | Orc:2    | Reached skill level 10 in Short Blades
 24408 | Orc:2    | Reached skill level 10 in Axes
 24408 | Orc:2    | Reached skill level 10 in Maces & Flails
 24408 | Orc:2    | Reached skill level 10 in Polearms
 24408 | Orc:2    | Reached skill level 10 in Staves
 24408 | Orc:2    | Reached skill level 10 in Slings
 24408 | Orc:2    | Reached skill level 10 in Bows
 24408 | Orc:2    | Reached skill level 10 in Crossbows
 24408 | Orc:2    | Reached skill level 10 in Armour
 24408 | Orc:2    | Reached skill level 10 in Unarmed Combat
 24408 | Orc:2    | Reached skill level 10 in Spellcasting
 24408 | Orc:2    | Reached skill level 10 in Evocations
 24419 | Orc:2    | Gained mutation: You do not regenerate when monsters are
                  | visible. [you]
 24426 | Orc:2    | Lost mutation: Your system is resistant to poisons. (rPois)
                  | [potion of mutation]
 24426 | Orc:2    | Lost mutation: You do not regenerate when monsters are
                  | visible. [potion of mutation]
 24426 | Orc:2    | Gained mutation: You are agile. (Dex +2) [potion of
                  | mutation]
 24426 | Orc:2    | Gained mutation: Armour fits poorly on your strangely
                  | shaped body. [potion of mutation]
 24568 | Orc:2    | Identified a scroll of acquirement
 24568 | Orc:2    | Acquired a +0 helmet of see invisible
 25039 | Orc:2    | Found a staircase to the Elven Halls.
 25189 | Orc:2    | Found Bisk's Book Emporium.
 25470 | Orc:2    | Bought a scroll of blinking for 90 gold pieces
 25470 | Orc:2    | Bought a scroll of enchant armour for 90 gold pieces
 25470 | Orc:2    | Bought a scroll of teleportation for 36 gold pieces
 25470 | Orc:2    | Bought a scroll of teleportation for 36 gold pieces
 25470 | Orc:2    | Bought a scroll of holy word for 90 gold pieces
 25918 | D:12     | Noticed Psyche
 26029 | D:12     | Killed Psyche
 26822 | D:13     | Found a gate to the Vaults.
 27503 | D:13     | Noticed Nessos
 27512 | D:13     | Killed Nessos
 27645 | D:14     | Cast into level 2 of the Abyss (a wizard)
 27685 | Abyss:2  | Found a runed translucent door.
 27728 | Abyss:2  | Reached skill level 13 in Dodging
 27749 | Abyss:2  | Noticed a bone dragon
 27855 | Abyss:2  | Found a viscous altar of Jiyva.
 28023 | Abyss:2  | Noticed a lich
 28082 | Abyss:2  | Reached XP level 16. HP: 109/127 MP: 30/30
 28168 | Abyss:2  | Noticed a tentacled starspawn
 28174 | Abyss:2  | Noticed a tentacled starspawn
 28184 | Abyss:2  | Killed a tentacled starspawn
 28394 | Abyss:3  | Noticed a tentacled starspawn
 28412 | Abyss:3  | Killed a tentacled starspawn
 28621 | Abyss:3  | Noticed a bone dragon
 28845 | Abyss:3  | Noticed a tentacled starspawn
 28868 | Abyss:3  | Killed a tentacled starspawn
 28973 | Abyss:3  | Identified the +3 leather armour of Fallacy {Will+++ rCorr
                  | Str+3 SInv}
 29015 | Abyss:3  | HP: 6/129 [thrashing horror (5)]
 29015 | Abyss:3  | Slain by a thrashing horror

Illustrated notes

Levels and vault maps discovered:
D:1:      lightli_arrival_lavapool, layout_loops_ring
D:2:      minmay_angry_zag, layout_loops_corners, serial_shops,
          nicolae_shop_statue_plus, basic_altar
D:3:      layout_basic, chequers_serial_rivers_micro_b
D:4:      layout_rooms, uniq_crazy_yiuf_cottage, uniq_grinder
D:5:      layout_loops_ring, nicolae_elyvilon_peaceful_grove,
          cheibrodos_sewer_entry_bend, st_stairs_7, glass_columns_b, uniq_pikel
D:6:      layout_basic, temple_green
D:7:      layout_basic
D:8:      layout_loops_ring, trog_ov_bears_minmay, eino_tiny_chamber
D:9:      layout_layer_cave, amethyst_overflow_temple_binary,
          minmay_crystal_room, uniq_erolcha
D:10:     layout_loops_corners, ebering_ghost_disaster_area
D:11:     layout_long_grid, erik_lair_island, orc_0_dummy,
          maelrawn_ghost_gauntlet_escape, uniq_fannar
D:12:     layout_stronghold, minmay_circle_x, uniq_psyche
D:13:     layout_roguey, david_vaults_2, serial_curves, eino_curves_02,
          eino_curves_03, minmay_misc_feat_square, uniq_nessos
D:14:     lemuel_ice_spiral_2, layout_rooms, chequers_garden
Temple:   regret_index_temple_mists
Lair:1:   layout_gridlike, st_stairs_9, serial_bayou_lagoon_a,
          hangedman_lair_unloving_vines, serial_bayou_lagoon_b
Lair:2:   layout_gridlike, minmay_snake_entry_six_corridors, uniq_sonja,
          uniq_erica
Lair:3:   layout_chaotic_city, minmay_swamp_entry_reptiles,
          ebering_ghost_rock_garden, columned_hall_lemuel
Lair:4:   layout_hall_layers, lemuel_fruit_fields, grunt_megastairs_3
Lair:5:   layout_regular_city, dpeg_slime_entry_enclosed_altar
Lair:6:   evil_forest, layout_cellular_growth, grunt_forest_large_clearings,
          serial_bayou_shore_a, grunt_megastairs_5
Orc:1:    layout_caves
Orc:2:    pubby_orc_utopia
Abyss:3:  base: D:5, evilmike_abyss_exit_kraken, minivault_27,
          evilmike_abyss_rune_ettins, abyss_exit_lava,
          evilmike_abyss_exit_plants, hangedman_abyss_rune_macabre_mess

Skill      XL: |  1  2  3  4  5  6  7  8  9 10 11 12 13 14 15 16 |
---------------+-------------------------------------------------+-----
Invocations    | 1 2 3 4 5 6 7 8 9 10 11 | 11.8
Short Blades   | 1 2 3 4 5 6 7 8 9 10 | 10.9
Axes           | 1 2 3 4 5 6 7 8 9 10 | 10.9
Maces & Flails | 1 2 3 4 5 6 7 8 9 10 | 10.9
Polearms       | 1 2 3 4 5 6 7 8 9 10 | 10.9
Staves         | 1 2 3 4 5 6 7 8 9 10 | 10.9
Slings         | 1 2 3 4 5 6 7 8 9 10 | 10.9
Bows           | 1 2 3 4 5 6 7 8 9 10 | 10.9
Crossbows      | 1 2 3 4 5 6 7 8 9 10 | 10.9
Armour         | 1 2 3 4 5 6 7 8 9 10 | 10.9
Unarmed Combat | 1 2 3 4 5 6 7 8 9 10 | 10.9
Spellcasting   | 1 2 3 4 5 6 7 8 9 10 | 10.9
Evocations     | 1 2 3 4 5 6 7 8 9 10 | 10.9
Conjurations   | 1 2 3 4 5 6 7 8 9 |  9.3
Hexes          | 1 2 3 4 5 6 7 8 9 |  9.3
Summonings     | 1 2 3 4 5 6 7 8 9 |  9.3
Necromancy     | 1 2 3 4 5 6 7 8 9 |  9.3
Translocations | 1 2 3 4 5 6 7 8 9 |  9.3
Transmutations | 1 2 3 4 5 6 7 8 9 |  9.3
Fire Magic     | 1 2 3 4 5 6 7 8 9 |  9.3
Ice Magic      | 1 2 3 4 5 6 7 8 9 |  9.3
Air Magic      | 1 2 3 4 5 6 7 8 9 |  9.3
Earth Magic    | 1 2 3 4 5 6 7 8 9 |  9.3
Poison Magic   | 1 2 3 4 5 6 7 8 9 |  9.3
Long Blades    | 3 4 5 6 7 8 9 10 11 | 11.2
Throwing       | 3 4 5 6 7 8 9 10 11 | 11.2
Shields        | 3 4 5 6 7 8 9 10 11 | 11.2
Stealth        | 3 4 5 6 7 8 9 10 11 | 11.2
Fighting       | 5 6 7 8 9 10 12 | 12.8
Dodging        | 9 10 11 12 13 | 13.4

Action                   |  1- 3 |  4- 6 |  7- 9 | 10-12 | 13-15 | 16-18 || total
-------------------------+-------+-------+-------+-------+-------+-------++-------
Melee: Dagger            |   122 |       |       |       |       |       ||   122
       Bite              |     8 |    18 |    23 |    54 |   179 |    53 ||   335
       War axe           |    45 |   251 |   111 |       |       |       ||   407
       Punch             |       |     1 |     1 |       |    86 |    30 ||   118
       Dire flail        |       |       |   137 |   283 |       |       ||   420
       Scimitar          |       |       |       |     4 |   227 |       ||   231
       Demon trident     |       |       |       |       |   618 |   272 ||   890
 Fire: Hunting sling     |       |       |     9 |    41 |       |       ||    50
       Fustibalus        |       |       |       |   254 |   375 |     1 ||   630
Throw: Dart              |       |     3 |    34 |    25 |       |       ||    62
       Throwing net      |       |       |       |     1 |       |       ||     1
 Cast: Frozen Ramparts   |       |       |       |    33 |    42 |       ||    75
       Ensorcelled Hiber |       |       |       |     4 |     1 |       ||     5
       Animate Armour    |       |       |       |       |    22 |     5 ||    27
       Borgnjor's Vile C |       |       |       |       |    33 |     2 ||    35
       Yara's Violent Un |       |       |       |       |     2 |       ||     2
Invok: Bend Time         |       |       |     2 |     4 |     3 |     1 ||    10
       Slouch            |       |       |       |       |     1 |     9 ||    10
       Temporal Distorti |       |       |       |       |     1 |       ||     1
       Step From Time    |       |       |       |       |       |     1 ||     1
Evoke: Wand              |       |       |     9 |     7 |     3 |       ||    19
  Use: Scroll            |       |    11 |       |    17 |    12 |     2 ||    42
       Potion            |       |       |     1 |    11 |     5 |     6 ||    23
 Stab: Sleeping          |     7 |     2 |     2 |     2 |     7 |       ||    20
       Invisible         |       |       |     3 |       |       |       ||     3
       Held in net/web   |       |       |       |     2 |       |       ||     2
       Distracted        |       |       |       |       |     6 |     3 ||     9
Armor: Leather armour    |    47 |    86 |    65 |    32 |       |       ||   230
       Skin              |       |       |       |     9 |    10 |       ||    19
       Chain mail        |       |       |       |   301 |   418 |   162 ||   881
Dodge: Dodged            |   143 |   220 |   190 |   408 |  1009 |   376 ||  2346
       Rpst.: Scimitar   |       |       |       |       |    66 |       ||    66

Table legend: (Time is in decaauts)
 A = Elapsed time spent in this place.
 B = Non-inter-level travel time spent in this place.
 C = Inter-level travel time spent in this place.
 D = Time resting spent in this place.
 E = Time spent auto-exploring this place.
 F = Levels seen in this place.
 G = Mean time per level.
                   A        B        C        D        E       F      G
               +--------+--------+--------+--------+--------+-----+--------+
         Total |  38459 |  36072 |   2387 |   4041 |  23698 |  27 | 1424.4 |
       Dungeon |  19489 |  17867 |   1622 |   2615 |  11646 |  14 | 1392.1 |
        Temple |    261 |    248 |     13 |      0 |    213 |   1 |  261.0 |
          Lair |  11890 |  11256 |    634 |    478 |   8536 |   6 | 1981.7 |
  Orcish Mines |   3710 |   3594 |    116 |    194 |   2514 |   2 | 1855.0 |
         Abyss |   2407 |   2407 |      0 |    629 |    405 |   3 |  802.3 |
         Sewer |    700 |    700 |      0 |    124 |    381 |   1 |  700.0 |
               +--------+--------+--------+--------+--------+-----+--------+

Top non-repeatable levels by time:
   Orc:2: 3042 daAuts
  Lair:6: 2811 daAuts
     D:6: 2542 daAuts
    D:10: 2214 daAuts
  Lair:1: 2036 daAuts
     D:8: 1932 daAuts
  Lair:5: 1836 daAuts
  Lair:2: 1828 daAuts
    D:12: 1786 daAuts
  Lair:4: 1771 daAuts
     D:7: 1643 daAuts
    D:11: 1619 daAuts
  Lair:3: 1605 daAuts
    D:13: 1536 daAuts
 Abyss:2: 1435 daAuts
